 Dungeon Crawl Stone Soup version 0.29-a0-297-g7659ce593d (webtiles) character file.

Game seed: 7525015240635977680

2830 Dabor the Tainter (level 9, -4/68 HPs)
             Began as a Naga Venom Mage on Mar 22, 2022.
             Was a Priest of Vehumet.
             Slain by a vampire mosquito (6 damage)
             ... on level 7 of the Dungeon.
             The game lasted 00:22:55 (9993 turns).

Dabor the Tainter (Naga Venom Mage)                 Turns: 9993, Time: 00:22:56

Health: -4/68      AC: 10    Str: 11    XL:     9   Next: 73%
Magic:  15/18      EV: 11    Int: 20    God:    Vehumet [***...]
Gold:   300        SH:  0    Dex: 11    Spells: 4/20 levels left

rFire   . . .      SeeInvis +   o - +2 short sword (elec)
rCold   . . .      Faith    .   (no shield)
rNeg    . . .      Spirit   .   F - +0 steam dragon scales
rPois   +          Reflect  .   B - +2 helmet
rElec   .          Harm     .   (no cloak)
rCorr   .          Rampage  .   p - +1 pair of gloves
Will    +....                   (no barding)
Stlth   ++........              (no amulet)
HPRegen 0.21/turn               (no ring)
MPRegen 0.16/turn               (no ring)

@: very slow
A: AC +3, large, see invisible, deformed body, poison resistance, slowness 2,
spit poison 1, naga tail 1
a: Spit Poison, Renounce Religion


You were on level 7 of the Dungeon.
You worshipped Vehumet.
Vehumet was most pleased with you.
You visited 2 branches of the dungeon, and saw 8 of its levels.
You also visited: Ossuary.

You collected 300 gold pieces.

Inventory:

Hand Weapons
 f - a +3 whip
 o - a +2 short sword of electrocution (weapon)
Armour
 a - a +0 robe
 j - +0 ice dragon scales
 p - a +1 pair of gloves (worn)
 r - a +0 hat of intelligence
 z - the +10 tower shield of Ignorance {rN+ Int-4}
   (You found it on level 5 of the Dungeon)

   Int:       It affects your intelligence (-4).
   rN:        It protects you from negative energy.
 B - a +2 helmet (worn)
 F - +0 steam dragon scales (worn)
Jewellery
 y - a +6 ring of intelligence
Wands
 n - a wand of charming (11)
 v - a wand of iceblast (15)
 w - a wand of polymorph (12)
Scrolls
 b - a scroll of enchant weapon
 g - a scroll of vulnerability
 i - a scroll of torment
 m - a scroll of holy word
 s - 3 scrolls of fog
 u - a scroll of magic mapping
 D - 3 scrolls of identify
Potions
 c - 2 potions of berserk rage
 d - a potion of invisibility {unknown}
 e - a potion of curing
 h - a potion of cancellation
 k - a potion of ambrosia
 l - a potion of degeneration {unknown}
 q - 3 potions of lignification {unknown}
 t - a potion of magic
 x - a potion of might {unknown}
 A - a potion of haste {unknown}
 C - 2 potions of flight
 E - a potion of brilliance {unknown}


   Skills:
 * Level 5.6 Dodging
 - Level 3.3 Stealth
 * Level 6.3 Spellcasting
 + Level 2.8 Conjurations
 + Level 4.6 Transmutations
 + Level 2.8 Air Magic
 * Level 9.5 Poison Magic


You had 4 spell levels left.
You knew the following spells:

 Your Spells              Type           Power      Damage    Failure   Level
a - Sting                 Tmut/Pois      100%       1d8       1%          1
b - Poisonous Vapours     Pois/Air       62%        N/A       1%          2
c - Olgreb's Toxic Radia  Pois           44%        N/A       1%          4
d - Mephitic Cloud        Conj/Pois/Air  26%        N/A       1%          3
e - Searing Ray           Conj           34%        2d5       1%          2
f - Airstrike             Air            8%         N/A       9%          4

Your spell library contained the following spells:

 Spells                   Type           Power      Damage    Failure   Level
 Static Discharge         Conj/Air       17%        N/A       1%          2
 Ignite Poison            Fire/Tmut/Pois 25%        N/A       1%          3
 Sandblast                Erth           12%        2d6       3%          1
 Stone Arrow              Conj/Erth      22%        3d8       4%          3
 Passwall                 Tmut/Erth      12%        N/A       6%          2
 Blink                    Tloc           12%        N/A       16%         2
 Lesser Beckoning         Tloc           6%         N/A       30%         3
 Tukima's Dance           Hex            6%         N/A       30%         3
 Passage of Golubria      Tloc           6%         N/A       71%         4
 Lightning Bolt           Conj/Air       8%         1d21      22%         5
 Yara's Violent Unravell  Hex/Tmut       7%         3d5       28%         5
 Freezing Cloud           Conj/Ice/Air   6%         6-21      32%         5
 Manifold Assault         Tloc           6%         N/A       96%         5
 Maxwell's Capacitive Co  Air            8%         ∞         100%        8


Dungeon Overview and Level Annotations

Branches:
Dungeon (7/15)             Temple (1/1) D:4         Ossuary (visited)

Altars:
Ashenzari
Cheibriados
Dithmenos
Fedhas
Gozag
Hepliaklqana
Kikubaaqudgha
Makhleb
Nemelex Xobeh
Okawaru
Qazlal
Ru
Trog
Uskayaw
Vehumet
Wu Jian
Xom
Zin
The Shining One


Innate Abilities, Weirdness & Mutations

Your serpentine skin is tough. (AC +3)
You have supernaturally acute eyesight. (SInv)
Armour fits poorly on your strangely shaped body.
Your system is resistant to poisons. (rPois)
You cover ground very slowly.
You can spit poison.
You have a snake-like lower body.


Message History

The vampire mosquito is heavily damaged.
The vampire mosquito bites you!
* * * LOW HITPOINT WARNING * * *
The vampire mosquito draws strength from your injuries!
The vampire mosquito bites you.
* * * LOW HITPOINT WARNING * * *
The vampire mosquito draws strength from your injuries!
You feel better. The vampire mosquito barely misses you.
The vampire mosquito bites you but does no damage.
Okay, then.
Magic courses through your body.
The vampire mosquito bites you but does no damage. x2
Casting: Searing Ray (safe; 1% risk of failure)
Confirm with . or Enter, or press ? or * to list all spells.
Aiming: Searing Ray (safe; 1% risk of failure)
Press: ? - help, Shift-Dir - straight line, f/p - vampire mosquito
Aim: a vampire mosquito (moderately damaged, 63% to hit)
The searing ray hits the vampire mosquito!
The vampire mosquito is severely damaged.
The searing ray hits the vampire mosquito!
You destroy the vampire mosquito!
Vehumet accepts your kill.
The searing ray hits the vampire mosquito!
The vampire mosquito is severely damaged. (Press . to maintain the ray.)
The vampire mosquito bites you!
* * * LOW HITPOINT WARNING * * *
The vampire mosquito draws strength from your injuries!
The vampire mosquito bites you.
* * * LOW HITPOINT WARNING * * *
The vampire mosquito draws strength from your injuries!
The searing ray hits the vampire mosquito.
The vampire mosquito is heavily damaged.
The searing ray hits the vampire mosquito.
The vampire mosquito is almost destroyed.
The vampire mosquito bites you!
* * * LOW HITPOINT WARNING * * *
The vampire mosquito draws strength from your injuries!
The vampire mosquito bites you.
You die...

*,,,,,*.......#............
*,,...,.......#..###.......
*,,.....##..#.#....#.#.....
**,....####.#..##...##.....
**#...........####........
**...........###.....###
####...,,#...........##
#......###.###........##
#......@yy.###....#...#.
#....#.###..###.#####...
*#..,...**#...#....####.#
*.,,#.....#..........#*##
**,,#.##.......##..#.#
*,,,.......#.###*..#,# ##
*,,...#....#.#* *..#,* #.
*,........#...***...,####
***,,,,###..###.,,,......#.


You could see 2 vampire mosquitoes.

Vanquished Creatures
  Sigmund (D:4)
  2 vampire mosquitoes (D:7)
  A steam dragon (D:7)
  A sky beast (D:7)
  A centaur (D:5)
  An ogre (D:6)
  A phantom (D:6)
  A kobold brigand (D:6)
  A gnoll sergeant (D:5)
  3 scorpions
  4 water moccasin zombies (Ossuary)
  A necrophage (D:5)
  8 wights
  2 howler monkeys (D:5)
  6 orc priests
  A gnoll shaman (D:6)
  4 hounds
  Terence (D:2)
  5 orc wizards
  3 iguanas
  2 mummies (Ossuary)
  13 gnolls
  3 adders
  A white imp (D:7)
  2 ufetubi
  An adder zombie (Ossuary)
  4 worms
  5 dart slugs
  16 orcs
  6 ball pythons
  4 bats
  8 endoplasms
  A giant cockroach (D:4)
  6 gnoll zombies (Ossuary)
  6 goblins
  8 hobgoblins
  11 jackals
  8 quokkas
  2 frilled lizards
  4 hobgoblin zombies (Ossuary)
  12 kobolds
  3 kobold zombies (Ossuary)
  5 orc zombies (Ossuary)
  5 rats
184 creatures vanquished.

Notes
Turn   | Place    | Note
-------+----------+-------------------------------------------
     0 | D:1      | Dabor the Naga Venom Mage began the quest for the Orb.
     0 | D:1      | Reached XP level 1. HP: 15/15 MP: 3/3
   178 | D:1      | Reached XP level 2. HP: 14/22 MP: 1/5
  1054 | D:1      | Reached XP level 3. HP: 28/28 MP: 0/6
  1712 | D:2      | Noticed Terence
  1724 | D:2      | Killed Terence
  1725 | D:2      | Reached XP level 4. HP: 26/36 MP: 1/8
  3147 | D:3      | Reached skill level 5 in Poison Magic
  3194 | D:3      | Found a faded altar of an unknown god.
  3839 | D:4      | Reached XP level 5. HP: 42/42 MP: 7/9
  3888 | D:4      | Learned a level 2 spell: Poisonous Vapours
  3898 | D:4      | Learned a level 4 spell: Olgreb's Toxic Radiance
  3919 | D:4      | Found a staircase to the Ecumenical Temple.
  4002 | D:4      | Reached XP level 6. HP: 21/49 MP: 9/11
  4304 | D:4      | Noticed Sigmund
  4317 | D:4      | Killed Sigmund
  4318 | D:4      | Reached skill level 6 in Poison Magic
  5037 | Temple   | Entered the Ecumenical Temple
  5208 | Temple   | Became a worshipper of Vehumet
  5297 | D:5      | Entered Level 5 of the Dungeon
  5302 | D:5      | Reached XP level 7. HP: 52/55 MP: 8/13
  5981 | D:5      | Found the +10 tower shield of Ignorance {rN+ Int-4}
  5998 | D:5      | Reached skill level 7 in Poison Magic
  6243 | D:5      | Found a shadowy altar of Dithmenos.
  6265 | D:5      | Reached XP level 8. HP: 62/62 MP: 9/14
  6788 | D:5      | Reached * piety under Vehumet
  6788 | D:5      | Offered knowledge of Magic Dart by Vehumet.
  6798 | D:5      | Learned a level 3 spell: Mephitic Cloud
  7222 | D:6      | Reached skill level 5 in Spellcasting
  7567 | D:6      | Found an ancient bone altar of Kikubaaqudgha.
  7571 | D:6      | Reached skill level 1 in Conjurations
  7571 | D:6      | Reached skill level 1 in Air Magic
  7764 | D:6      | Reached skill level 8 in Poison Magic
  7887 | D:6      | Reached ** piety under Vehumet
  7914 | D:6      | HP: 1/62 [gnoll shaman/+0 club (4)]
  7921 | D:6      | Offered knowledge of Searing Ray by Vehumet.
  7925 | D:6      | Learned a level 2 spell: Searing Ray
  8378 | D:6      | Reached XP level 9. HP: 42/68 MP: 1/17
  8531 | D:6      | Reached skill level 5 in Dodging
  8580 | D:7      | Found a sand-covered staircase.
  8584 | Ossuary  | Entered an ossuary
  8757 | Ossuary  | Offered knowledge of Scorch by Vehumet.
  8929 | Ossuary  | Reached skill level 9 in Poison Magic
  9259 | Ossuary  | Reached *** piety under Vehumet
  9676 | D:7      | Offered knowledge of Airstrike by Vehumet.
  9682 | D:7      | Learned a level 4 spell: Airstrike
  9993 | D:7      | HP: 2/68 [vampire mosquito (10)]
  9993 | D:7      | Slain by a vampire mosquito

Illustrated notes

Levels and vault maps discovered:
D:1:      minmay_arrival_checkered_box, layout_rooms
D:2:      layout_loops_corners, uniq_terence
D:3:      layout_basic, chequers_ecumenical_altar_twisty
D:4:      layout_basic, minmay_temple_entry_offerings,
          cheibrodos_sewer_entry_bend, uniq_sigmund
D:5:      layout_basic, mainiacjoe_overflow_24_doors, kennysheep_nondescript
D:6:      layout_rooms, mainiacjoe_overflow_catwalk
D:7:      layout_cave_pools, nicolae_ossuary_entry_plus,
          chequers_serial_rivers_micro_c, uniq_prince_ribbit1
Temple:   minmay_crystal_spiral_temple

Skill      XL: |  1  2  3  4  5  6  7  8  9 |
---------------+----------------------------+-----
Dodging        | 2 3 4 5 |  5.6
Poison Magic   | 5 6 7 8 9 |  9.5
Spellcasting   | 3 4 5 6 |  6.3
Transmutations | 2 3 4 |  4.6
Conjurations   | 1 2 |  2.8
Air Magic      | 1 2 |  2.8
Stealth        | |  3.3

Action                   |  1- 3 |  4- 6 |  7- 9 || total
-------------------------+-------+-------+-------++-------
Melee: Unarmed           |     8 |       |       ||     8
       Whip              |    11 |       |       ||    11
       Punch             |     1 |       |     1 ||     2
       Short sword       |       |    49 |    84 ||   133
 Cast: Sting             |    56 |   102 |    59 ||   217
       Olgreb's Toxic Ra |       |     2 |    24 ||    26
       Poisonous Vapours |       |       |    22 ||    22
       Searing Ray       |       |       |    31 ||    31
       Mephitic Cloud    |       |       |     4 ||     4
 Abil: Spit Poison       |     3 |     7 |     5 ||    15
  Use: Scroll            |     1 |     6 |    10 ||    17
       Potion            |       |     1 |     6 ||     7
 Stab: Distracted        |       |     1 |       ||     1
Armor: Robe              |     4 |    16 |    54 ||    74
       Steam dragon scal |       |       |    14 ||    14
Dodge: Dodged            |    19 |    49 |    97 ||   165

Table legend: (Time is in decaauts)
 A = Elapsed time spent in this place.
 B = Non-inter-level travel time spent in this place.
 C = Inter-level travel time spent in this place.
 D = Time resting spent in this place.
 E = Time spent auto-exploring this place.
 F = Levels seen in this place.
 G = Mean time per level.
                   A        B        C        D        E       F      G
               +--------+--------+--------+--------+--------+-----+--------+
         Total |  11835 |  11038 |    797 |   1458 |   7792 |   9 | 1315.0 |
       Dungeon |  10573 |   9894 |    679 |    925 |   7425 |   7 | 1510.4 |
        Temple |    298 |    180 |    118 |      0 |    156 |   1 |  298.0 |
       Ossuary |    963 |    963 |      0 |    533 |    210 |   1 |  963.0 |
               +--------+--------+--------+--------+--------+-----+--------+

Top non-repeatable levels by time:
     D:4: 1938 daAuts
     D:5: 1860 daAuts
     D:2: 1749 daAuts
     D:3: 1500 daAuts
     D:6: 1477 daAuts
     D:1: 1402 daAuts
 Ossuary: 963 daAuts
     D:7: 645 daAuts
  Temple: 298 daAuts
